 Dungeon Crawl Stone Soup version 0.20-a0-909-g1a4ba80 (webtiles) character file.

133 ChocoNymphy the Bolt Thrower (level 4, -13/38 HPs)
             Began as a Minotaur Hunter on Mar 22, 2017.
             Mangled by an orc wizard
             ... wielding a +2 dagger of electrocution
              (19 damage)
             ... on level 3 of the Dungeon.
             The game lasted 00:11:01 (2103 turns).

ChocoNymphy the Bolt Thrower (Minotaur Hunter)      Turns: 2103, Time: 00:11:01

Health: -13/38     AC:  4    Str: 18    XL:     4   Next: 94%
Magic:  3/3        EV: 11    Int:  8    God:
Gold:   128        SH:  3    Dex: 10    Spells: 3/3 levels left

rFire    . . .     SeeInvis .   q - +1 dagger (speed)
rCold    . . .     Gourm    .   c - +0 leather armour
rNeg     . . .     Faith    .   o - +0 buckler (curse)
rPois    .         Spirit   .   (helmet restricted)
rElec    .         Reflect  .   (no cloak)
rCorr    .         Harm     .   l - +0 pair of gloves
MR       .....                  (no boots)
Stlth    +.........             (no amulet)
Regen    0.2/turn               (no ring)
MPRegen  0.1/turn               (no ring)

@: about to teleport
A: retaliatory headbutt, horns 2
a: no special abilities


You were on level 3 of the Dungeon.
You were hungry.

You visited 1 branch of the dungeon, and saw 3 of its levels.

You collected 128 gold pieces.

Inventory:

Hand Weapons
 a - a +1 hand crossbow
 q - a +1 dagger of speed (weapon)
Missiles
 d - 5 bolts
Armour
 c - a +0 leather armour (worn)
 l - a +0 pair of gloves (worn)
 m - a +2 pair of gloves of archery
 o - a cursed +0 buckler (worn)
Wands
 j - a wand of iceblast (15/15)
Scrolls
 b - a scroll of blinking {unknown}
 g - 3 scrolls of identify
 h - a scroll of teleportation
 p - a scroll of fog {unknown}
Potions
 e - a potion of curing
 k - a potion of cancellation {unknown}
 n - 3 potions of brilliance {unknown}
Comestibles
 f - 2 bread rations


   Skills:
 + Level 3.2 Fighting
 + Level 0.2 Short Blades
 + Level 6.0 Crossbows
 + Level 1.9 Armour
 + Level 2.6 Dodging
 + Level 0.7 Stealth


You had 3 spell levels left.
You didn't know any spells.

Dungeon Overview and Level Annotations

Branches:
Dungeon (3/15)

Altars:


Innate Abilities, Weirdness & Mutations

You reflexively headbutt those who attack you in melee.
You have a pair of horns on your head.


Message History

The puff of flame hits you!
You closely miss something. You hit something.
You hear some strange, mumbled words.
A magic dart appears from out of thin air!
The magic dart hits you!
You completely miss something. Something hits you.
It was a potion of curing.
You feel better. Something hits you.
You are electrocuted!
Ouch! That really hurt!
* * * LOW HITPOINT WARNING * * *
It was a potion of heal wounds.
You feel much better. Something hits you but does no damage.
You are electrocuted!
* * * LOW HITPOINT WARNING * * *
As you read the scroll of teleportation, it crumbles to dust.
You feel strangely unstable. Something hits you.
* * * LOW HITPOINT WARNING * * *
You are electrocuted!
Ouch! That really hurt!
You die...

## ..# # #.###
.##o#. . ...o.
#.##...##
##.#.#.#.###########
.........l{@.......#
.#.....#########.#
#.....# #.....#
#.....# #.....##
##.....##
..##..[....##
..#.........#


You could see a frilled lizard.

Vanquished Creatures
  An orc priest (D:3)
  3 adders
  3 worms (D:2)
  3 dart slugs
  4 leopard geckos
  2 orcs
  2 ball pythons
  3 giant cockroaches
  4 hobgoblins
  A quokka (D:2)
  5 bats
  3 frilled lizards
  10 goblins
  9 kobolds
  6 rats
59 creatures vanquished.

Notes
Turn   | Place    | Note
-------+----------+-------------------------------------------
     0 | D:1      | ChocoNymphy the Minotaur Hunter began the quest for the Orb.
     0 | D:1      | Reached XP level 1. HP: 18/18 MP: 0/0
   119 | D:1      | Reached XP level 2. HP: 25/25 MP: 1/1
   159 | D:1      | Reached skill level 5 in Crossbows
   802 | D:2      | Reached XP level 3. HP: 30/30 MP: 2/2
  1151 | D:2      | Reached skill level 1 in Armour
  1576 | D:2      | Reached XP level 4. HP: 26/37 MP: 3/3
  2093 | D:3      | Reached skill level 6 in Crossbows
  2103 | D:3      | Mangled by an orc wizard

Vault maps used:
D:1:      minmay_arrival_checkered_box
D:2:      first_bread
D:3:      cheibriados_altar_1, corexii_leaking_fountain

Skill      XL: |  1  2  3  4 |
---------------+-------------+-----
Crossbows      | 5 6 |  6.0
Armour         | 1 |  1.9
Fighting       | 3 |  3.2
Short Blades   | |  0.2
Dodging        | |  2.6
Stealth        | |  0.7

Action                   |  1- 3 |  4- 6 || total
-------------------------+-------+-------++-------
Melee: Dagger            |       |    30 ||    30
       Headbutt          |       |     4 ||     4
       Short sword       |       |     1 ||     1
 Fire: Hand crossbow     |    83 |    16 ||    99
  Use: Scroll            |     3 |     1 ||     4
       Potion            |       |     2 ||     2
  Eat: Chunk             |     2 |     1 ||     3
Armor: Leather armour    |    14 |    19 ||    33
Dodge: Dodged            |    42 |    24 ||    66
Block: Buckler           |       |     7 ||     7
